 Dungeon Crawl Stone Soup version 0.30-a0-618-gd6c86c23d0 (webtiles) character file.

Game seed: 17260176753907288236

52 acebull12 the Chopper (level 3, 0/33 HPs)
             Began as a Hill Orc Cinder Acolyte on Jan 9, 2023.
             Was a High Priest of Ignis.
             Slain by a worm (8 damage)
             ... on level 2 of the Dungeon.
             The game lasted 00:04:57 (1570 turns).

acebull12 the Chopper (Hill Orc Cinder Acolyte)     Turns: 1570, Time: 00:04:58

Health: 0/33       AC:  2    Str: 18    XL:     3   Next: 85%
Magic:  1/4        EV: 11    Int: 14    God:    Ignis [*****.]
Gold:   89         SH:  0    Dex:  6    Spells: 2/4 levels left

rFire   + . .      SeeInvis .    a - -1 hand axe (flame)
rCold   . . .      Faith    .    (no shield)
rNeg    . . .      Spirit   .    b - +0 robe
rPois   .          Reflect  .    (no helmet)
rElec   .          Harm     .    (no cloak)
rCorr   .          Rampage  .    (no gloves)
Will    .....                    (no boots)
Stlth   +                        (no amulet)
HPRegen 0.25/turn                (no ring)
MPRegen 0.09/turn                (no ring)

@: no status effects
A: no striking features
a: Renounce Religion, Fiery Armour, Foxfire Swarm, Rising Flame


You were on level 2 of the Dungeon.
You worshipped Ignis.
Ignis was extremely pleased with you.
You visited 1 branch of the dungeon, and saw 2 of its levels.

You collected 89 gold pieces.

Inventory:

Hand Weapons
 a - a -1 hand axe of flaming (weapon)
Missiles
 c - 21 stones (quivered)
Armour
 b - a +0 robe (worn)
Scrolls
 d - a scroll of teleportation {unknown}
 g - 3 scrolls of noise {unknown}
 h - a scroll of blinking {unknown}
 i - 2 scrolls of identify {unknown}
Potions
 e - a potion of cancellation {unknown}
 f - a potion of curing {unknown}


   Skills:
 + Level 3.9 Fighting
 * Level 5.0 Axes
 + Level 0.6 Dodging
 + Level 0.1 Stealth
 + Level 1.1 Spellcasting
 + Level 3.8 Fire Magic


You had 2 spell levels left.
You knew the following spells:

 Your Spells              Type           Power      Damage    Failure   Level
a - Scorch                Fire           22%        2d6       9%          2

Your spell library contained the following spells:

 Spells                   Type           Power      Damage    Failure   Level


Dungeon Overview and Level Annotations

Branches:
Dungeon (2/15)

Altars:


Message History

Natasha is heavily wounded.
Natasha is no longer more vulnerable to fire.
Natasha claws you.
Casting: Scorch (safe; 9% risk of failure)
Confirm with . or Enter, or press ? or * to list all spells.
Flames lash Natasha.
Natasha is severely wounded.
Natasha's fire resistance burns away.
Natasha claws you. Natasha barely misses you.
You hit Natasha but do no damage.
Natasha is severely wounded.
Natasha is no longer more vulnerable to fire.
Natasha mewls in sadness.
Natasha completely misses you.
You barely miss Natasha.
Natasha is severely wounded.
You completely miss the worm.
You feel yourself speed up. Natasha closely misses you. The worm bites you.
Natasha misses you.
You hit Natasha. You burn Natasha.
Natasha is almost dead.
You hit the worm but do no damage. Natasha barely misses you.
The worm barely misses you.
You miss Natasha.
Natasha is almost dead.
You hit the worm but do no damage.
Natasha stares at you and mumbles some strange words.
The magic dart hits you! The worm bites you.
* * * LOW HITPOINT WARNING * * *
You barely miss Natasha.
Natasha is almost dead.
You hit the worm. You burn the worm.
Natasha extends her claws.
Natasha mumbles some strange words.
You hit Natasha. You burn Natasha.
You kill Natasha!
Moaning pathetically, Natasha's spirit plunges into the ground.
The crimson imp disappears in a puff of smoke!
You hit the worm but do no damage. The worm bites you!
You die...

#...........#.....##.
###.........#.....##.
#.##.............†.
#..##..............
#..##..............
#..##..............
#..##.........#..#.
#..##..##.....#..#.
#.@##..##........#.
#w.##..............
#..##..#####..##.#.
#####.§##..#####.. #.#.
#...........h..........#
######...w.........#####
#.###..#.###.. #. #..#.#
#. #..#.#


You could see a worm.

Vanquished Creatures
  Natasha (D:2)
  An adder (D:2)
  3 dart slugs
  4 endoplasms
  4 giant cockroaches
  3 hobgoblins (D:1)
  2 jackals (D:1)
  2 quokkas (D:1)
  2 ball pythons
  4 bats
  3 frilled lizards
  4 kobolds (D:1)
  A rat (D:2)
34 creatures vanquished.

Vanquished Creatures (others)
  2 plants (D:2)
2 creatures vanquished.

Grand Total: 36 creatures vanquished

Notes
Turn   | Place    | Note
-------+----------+-------------------------------------------
     0 | D:1      | acebull12 the Hill Orc Cinder Acolyte began the quest for
                  | the Orb.
     0 | D:1      | Reached XP level 1. HP: 19/19 MP: 2/2
   149 | D:1      | Reached XP level 2. HP: 27/27 MP: 3/3
   190 | D:1      | Learned a level 2 spell: Scorch
  1038 | D:1      | Reached XP level 3. HP: 33/33 MP: 4/4
  1316 | D:2      | Identified the +3 short sword "Xuprappy" {holy, rElec rF-
                  | rN+ Dex+3}
  1370 | D:2      | Reached skill level 5 in Axes
  1375 | D:2      | HP: 1/33 [poisoned by an adder]
  1553 | D:2      | Noticed Natasha
  1570 | D:2      | Killed Natasha
  1570 | D:2      | Slain by a worm

Illustrated notes

Levels and vault maps discovered:
D:1:      minmay_arrival_stair_chambers, layout_basic, serial_corexii_hall,
          corexii_hall_statues_t, corexii_hall_statues_t
D:2:      layout_basic, serial_forest, infiniplex_forest_clump_curved,
          infiniplex_forest_lined_corner, infiniplex_forest_lined_2,
          infiniplex_forest_join, infiniplex_forest_lined_1,
          infiniplex_forest_zigzag_1, infiniplex_forest_straight_3,
          hangedman_abyss_or_decor_lesser_grid, uniq_natasha

Skill      XL: |  1  2  3 |
---------------+----------+-----
Axes           | 5 |  5.0
Fighting       | |  3.9
Dodging        | |  0.6
Stealth        | |  0.1
Spellcasting   | |  1.1
Fire Magic     | |  3.8

Action                   || total
-------------------------++-------
Melee: Hand axe          ||    83
       Punch             ||     1
 Cast: Scorch            ||    17
Armor: Robe              ||    26
Dodge: Dodged            ||    60

Table legend: (Time is in decaauts)
 A = Elapsed time spent in this place.
 B = Non-inter-level travel time spent in this place.
 C = Inter-level travel time spent in this place.
 D = Time resting spent in this place.
 E = Time spent auto-exploring this place.
 F = Levels seen in this place.
 G = Mean time per level.
                   A        B        C        D        E       F      G
               +--------+--------+--------+--------+--------+-----+--------+
         Total |   1583 |   1429 |    154 |    128 |   1014 |   2 |  791.5 |
       Dungeon |   1583 |   1429 |    154 |    128 |   1014 |   2 |  791.5 |
               +--------+--------+--------+--------+--------+-----+--------+

Top non-repeatable levels by time:
     D:1: 1033 daAuts
     D:2: 550 daAuts
